 Dungeon Crawl Stone Soup version 0.30.0-17-ge0270778cf (webtiles) character file.

Game seed: 4112757594941716265

33103 croobank the Thaumaturge (level 13, 0/100 HPs)
             Began as a Gnoll Earth Elementalist on May 21, 2023.
             Was an Elder of Sif Muna.
             Engulfed by a cloud of flame (2 damage)
             ... on level 3 of the Abyss on May 22, 2023.
             The game lasted 01:16:05 (17429 turns).

croobank the Thaumaturge (GnEE)                    Turns: 17429, Time: 01:16:06

Health: 0/100      AC: 19    Str:  6      XL:     13   Next: 68%
Magic:  19/27      EV: 27    Int: 19      God:    Sif Muna [****..]
Gold:   494        SH:  0    Dex: 19 (23) Spells: 15/32 levels left

rFire   + . .        S - melded staff of air
rCold   + . .        o - melded +1 buckler
rNeg    . . .        M - melded +0 acid dragon scales
rPois   ∞            H - melded +0 hat {Will+}
rElec   +            (cloak currently unavailable)
rCorr   +            t - melded +0 pair of gloves of the Battered Planets {rC+ Dex+4}
SInv    +            (boots currently unavailable)
Will    .....        v - amulet of magic regeneration
Stlth   +++++        q - ring of see invisible
HPRegen 0.36/turn    B - +6 ring of dexterity
MPRegen 0.60/turn

%: no passive effects
@: storm-form, resistant, flying
A: cleaving, insubstantial, flying, (fangs 1), strong nose, distributed
training, agile 1
a: Blinkbolt, End Transformation, Renounce Religion, Channel Magic, Forget
Spell, Divine Exegesis


You were on level 3 of the Abyss.
You worshipped Sif Muna.
Sif Muna was greatly pleased with you.
You were a lightning-filled tempest!
You visited 2 branches of the dungeon, and saw 16 of its levels.
You visited the Abyss 1 time.
You also visited: Volcano.

You collected 992 gold pieces.
You spent 498 gold pieces at shops.

Inventory:

Hand Weapons
 a - a +3 dagger of venom
 m - a +0 broad axe
 x - a +1 arbalest of flaming
 K - a +2 demon blade of flaming
 V - a +1 scimitar of flaming
Armour
 g - a +1 robe of fire resistance
 l - a +2 helmet
 o - a +1 buckler (melded)
 s - the +2 ring mail "Moabbygu" {rC+ Will+ Dex-2}
   (You found it on level 9 of the Dungeon)

   Dex:       It affects your dexterity (-2).
   rC:        It protects you from cold.
   Will:      It increases your willpower.
 t - the +0 pair of gloves of the Battered Planets (melded) {rC+ Dex+4}
   (You found it in a volcano)

   Dex:       It affects your dexterity (+4).
   rC:        It protects you from cold.
 y - the +0 robe of the Echidna {Archmagi}
   (You took it off a hobgoblin on level 4 of the Dungeon)

   Archmagi:  It increases the power of your magical spells.
 G - an orb of guile
 H - a +0 hat of willpower (melded)
 I - the +5 leather armour of the Butterfly {Int+4}
   (You found it on level 7 of the Dungeon)

   Int:       It affects your intelligence (+4).
 M - +0 acid dragon scales (melded)
 P - a +0 cloak
 Q - a +2 robe of positive energy
 R - a +0 troll leather armour
 U - a +2 scale mail of fire resistance
Magical Staves
 u - a staff of fire
 S - a staff of air (melded)
Jewellery
 q - a ring of see invisible (left fist)
 v - an amulet of magic regeneration (around neck)
 B - a +6 ring of dexterity (right fist)
 E - a ring of ice
 N - an amulet of reflection
 X - a +6 ring of dexterity
Wands
 A - a wand of iceblast (11)
 J - a wand of quicksilver (18)
 O - a wand of flame (5)
 W - a wand of mindburst (14)
 Y - a wand of charming (2)
Scrolls
 d - 12 scrolls of teleportation
 k - 2 scrolls of amnesia
 Z - a scroll of fog
Potions
 b - a potion of magic
 c - 2 potions of attraction
 h - 4 potions of cancellation
 i - 5 potions of might
 j - a potion of flight
 n - 2 potions of lignification
 r - 5 potions of curing
 C - a potion of mutation {unknown}
 D - 2 potions of ambrosia {unknown}
 F - a potion of invisibility {unknown}
 L - a potion of degeneration {unknown}
 T - a potion of experience {unknown}


   Skills:
 + Level 8.8 Fighting
 + Level 8.8 Short Blades
 + Level 8.8 Long Blades
 + Level 8.8 Axes
 + Level 8.8 Maces & Flails
 + Level 8.8 Polearms
 + Level 8.8 Staves
 + Level 8.8 Ranged Weapons
 + Level 8.8 Throwing
 + Level 8.8 Armour
 + Level 10.0 Dodging
 + Level 9.8 Stealth
 + Level 8.8 Shields
 + Level 8.8 Unarmed Combat
 + Level 10.2 Spellcasting
 + Level 7.3 Conjurations
 + Level 7.3 Hexes
 + Level 7.3 Summonings
 + Level 7.3 Necromancy
 + Level 7.3 Translocations
 + Level 7.7 Transmutations
 + Level 7.3 Fire Magic
 + Level 7.3 Ice Magic
 + Level 7.3 Air Magic
 + Level 9.2 Earth Magic
 + Level 7.3 Poison Magic
 + Level 9.6 Invocations
 + Level 8.8 Evocations


You had 15 spell levels left.
You knew the following spells:

 Your Spells              Type           Power      Damage    Failure   Level
a - Sandblast             Erth           88%        2d18      1%          1
b - Petrify               Tmut/Erth      42%        N/A       2%          4
c - Static Discharge      Conj/Air       74%        2-6/arc   1%          2
d - Summon Lightning Spi  Summ/Air       37%        N/A       3%          4
e - Poisonous Vapours     Pois/Air       74%        N/A       1%          2
f - Olgreb's Toxic Radia  Pois           37%        N/A       3%          4

Your spell library contained the following spells:

 Spells                   Type           Power      Damage    Failure   Level
 Apportation              Tloc           74%        N/A       1%          1
 Beastly Appendage        Tmut           78%        N/A       1%          1
 Freeze                   Ice            100%       1d10      1%          1
 Magic Dart               Conj           100%       1d8       1%          1
 Necrotise                Necr           100%       1d9       1%          1
 Sting                    Tmut/Pois      100%       1d8       1%          1
 Summon Small Mammal      Summ           100%       N/A       1%          1
 Passwall                 Tmut/Erth      35%        N/A       1%          2
 Scorch                   Fire           74%        2d8       1%          2
 Searing Ray              Conj           74%        2d7       1%          2
 Wereblood                Tmut           39%        N/A       1%          2
 Frozen Ramparts          Ice            74%        1d12      1%          3
 Hailstorm                Conj/Ice       37%        3d9       1%          3
 Mephitic Cloud           Conj/Pois/Air  37%        N/A       1%          3
 Spider Form              Tmut/Pois      38%        N/A       1%          3
 Stone Arrow              Conj/Erth      82%        3d12      1%          3
 Airstrike                Air            18%        2d(3-19)  3%          4
 Fulminant Prism          Conj/Hex       18%        3d10      3%          4
 Ice Form                 Ice/Tmut       38%        N/A       3%          4
 Sticky Flame             Conj/Fire      37%        2d6       3%          4
 Fireball                 Conj/Fire      18%        3d9       10%         5
 Conjure Ball Lightning   Conj/Air       18%        3x3d6     47%         6
 Simulacrum               Ice/Necr       18%        N/A       47%         6
 Storm Form               Tmut/Air       19%        N/A       95%         7
 Maxwell's Capacitive Co  Air            18%        ∞         100%        8


Dungeon Overview and Level Annotations

Branches:
Dungeon (13/15)            Temple (0/1) D:6            Lair (3/5) D:10
    Orc (0/2) D:10        Volcano (visited)
  Swamp: Lair:2-3    Shoals: Lair:2-3     Snake: Lair:2-3    Spider: Lair:2-3
 Vaults: D:13-14

Altars:
Cheibriados
Elyvilon
Gozag
Kikubaaqudgha
Nemelex Xobeh
Qazlal
Ru
Sif Muna
Uskayaw
Wu Jian
Yredelemnul
Zin

Shops:
D:1 :   D:2 :   D:5 (   D:9 *

Portals:
Abyss: D:8

Annotations:
D:8 2 transporters, pdpol's ghost, novice MiFi
D:10 1 runed translucent door, Loveship's ghost, novice DsBe
Lair:3 Sonja


Innate Abilities, Weirdness & Mutations

You are a lightning-filled tempest!
Your electrical attacks strike out in all directions at once.
You are incredibly evasive.
Your insubstantial body is immune to petrification, constriction, and being set on fire You are flying.
You are immune to poison.
Your armour is entirely melded.
You are incapable of wielding weapons or throwing items.
((You have very sharp teeth.))
Your uncanny sense of smell can sniff out nearby items.
Your experience applies equally to all skills.
You are agile. (Dex +4, Str/Int -1)


Message History

The black draconian hits your lightning spire but does no damage.
The raiju bursts into living lightning!
The living lightning hits your lightning spire.
Your lightning spire completely resists.
The living lightning misses you.
The raiju blinks!
You hear a shout!
Casting: Sandblast (safe; 1% risk of failure)
Confirm with . or Enter, or press ? or * to list all spells.
Okay, then.
Okay, then.
Okay, then.
It was a potion of resistance.
You feel protected.
The black draconian hits your lightning spire with a +0 war axe!
The raiju bites you.
* * * LOW HITPOINT WARNING * * *
The raiju shocks you. You resist.
* * * LOW HITPOINT WARNING * * *
Okay, then.
Okay, then.
You turn into a lightning-filled tempest!
Your staff of air melds into your body.
Your +0 hat of willpower melds into your body.
The +0 pair of gloves of the Battered Planets {rC+ Dex+4} melds into your body.
Your +1 buckler melds into your body.
Your +0 acid dragon scales melds into your body.
You feel less strong-willed. Sif Muna will no longer gift you books.
The black draconian hits your lightning spire but does no damage.
The raiju misses you.
You buffet the raiju!
Flame seeps out of the raiju.
Your punch misses the raiju.
The raiju is heavily wounded.
You batter the raiju!! Sif Muna accepts your kill.
The raiju explodes!
The fiery explosion engulfs you! You resist.
* * * LOW HITPOINT WARNING * * *
You are engulfed in blazing flames.
You resist.
You die...

## ##.# ###
#..####
#...
##§....#
..###○§...#
#
#§v...#..#
#...###..#
# ##.8#
#...
#.##d.# ..
..#..#
...#..#..#
#..# ##.
#..# .# .#.
.... . .# .
.


You could see a black draconian (inner flame, ally target) and a friendly
lightning spire (summoned).

Vanquished Creatures
  Gastronok (Lair:2)
  A red draconian (Volcano)
  A slime creature (D:12)
  A rakshasa (Abyss:2)
  An ogre mage (Volcano)
  A boulder beetle (D:12)
  6 two-headed ogres
  A thrashing horror (Abyss:3)
  Pikel (D:6)
  An oklob plant (Lair:2)
  A deep elf pyromancer (D:12)
  A manticore (D:12)
  A cyclops (D:11)
  6 elephants (Lair:2)
  A black mamba (Lair:1)
  Maurice (D:8)
  5 cane toads
  2 unseen horror zombies (D:9)
  2 kobold demonologists (D:11)
  4 trolls
  A raiju (Abyss:3)
  2 shadows
  2 wyverns
  8 yaks
  A wraith (D:12)
  2 basilisks (Lair:2)
  A steam dragon (D:8)
  Edmund (D:5)
  2 acid dragons
  9 water moccasins
  5 black bears
  2 ice beasts (D:6)
  2 orc warriors
  4 ogres
  4 centaurs
  2 lemures (D:6)
  13 wolves
  2 phantoms
  4 kobold brigands
  3 bullfrogs
  A gnoll sergeant (D:7)
  2 scorpions
  A small abomination (Abyss:3)
  2 killer bees (D:10)
  4 howler monkeys
  A quasit (Abyss:3)
  3 hounds
  3 orc priests
  A jelly (D:6)
  A sleepcap (D:5)
  Jessica (D:2)
  8 orc wizards
  Robin (D:2)
  7 gnolls
  4 adders
  A shadow imp (D:7)
  A white imp (D:6)
  2 ufetubi (D:5)
  4 worms
  3 dart slugs
  26 orcs
  10 endoplasms
  2 giant cockroaches (D:2)
  10 hobgoblins
  9 jackals
  3 quokkas (D:1)
  6 ball pythons
  3 bats
  5 frilled lizards
  9 goblins
  22 kobolds
  8 rats
273 creatures vanquished.

Vanquished Creatures (collateral kills)
  A tentacled starspawn (Abyss:2)
  A two-headed ogre (Volcano)
  A skeletal warrior (D:11)
  3 cyclopes
  A manticore (D:12)
  2 gargoyles
  A rime drake (Lair:2)
  A cane toad (Lair:1)
  An ancient zyme (Abyss:2)
  3 trolls
  2 slime creatures (D:12)
  A wraith (D:12)
  A wyvern (D:10)
  7 yaks
  3 vampire mosquitoes (D:10)
  2 basilisks
  2 golden eyes (Abyss:3)
  2 acid dragons
  2 water moccasins
  3 wolves (Lair:2)
  A killer bee (D:10)
  A nameless horror (D:11)
  A quasit (Abyss:2)
  An orc wizard (D:12)
  3 orcs (D:12)
47 creatures vanquished.

Vanquished Creatures (others)
  4 starspawn tentacles (Abyss:2)
4 creatures vanquished.

Grand Total: 324 creatures vanquished

Notes
Turn   | Place    | Note
-------+----------+-------------------------------------------
     0 | D:1      | croobank the Gnoll Earth Elementalist began the quest for
                  | the Orb.
     0 | D:1      | Reached XP level 1. HP: 13/13 MP: 6/6
    55 | D:1      | Found Binyipn's Book Shop.
   172 | D:1      | Reached XP level 2. HP: 14/19 MP: 3/7
   704 | D:1      | Reached skill level 5 in Spellcasting
   704 | D:1      | Reached XP level 3. HP: 25/25 MP: 6/9
  1141 | D:2      | Found an ancient bone altar of Kikubaaqudgha.
  1236 | D:2      | Reached skill level 1 in Invocations
  1601 | D:2      | Reached skill level 1 in Fighting
  1601 | D:2      | Reached skill level 1 in Short Blades
  1601 | D:2      | Reached skill level 1 in Long Blades
  1601 | D:2      | Reached skill level 1 in Axes
  1601 | D:2      | Reached skill level 1 in Maces & Flails
  1601 | D:2      | Reached skill level 1 in Polearms
  1601 | D:2      | Reached skill level 1 in Staves
  1601 | D:2      | Reached skill level 1 in Ranged Weapons
  1601 | D:2      | Reached skill level 1 in Throwing
  1601 | D:2      | Reached skill level 1 in Armour
  1601 | D:2      | Reached skill level 1 in Shields
  1601 | D:2      | Reached skill level 1 in Unarmed Combat
  1601 | D:2      | Reached skill level 1 in Evocations
  1700 | D:2      | Found Unoenofome's Book Shoppe.
  1765 | D:2      | Reached XP level 4. HP: 32/32 MP: 9/11
  1851 | D:2      | Noticed Robin
  1856 | D:2      | Killed Robin
  1857 | D:2      | Reached skill level 1 in Conjurations
  1857 | D:2      | Reached skill level 1 in Hexes
  1857 | D:2      | Reached skill level 1 in Summonings
  1857 | D:2      | Reached skill level 1 in Necromancy
  1857 | D:2      | Reached skill level 1 in Translocations
  1857 | D:2      | Reached skill level 1 in Fire Magic
  1857 | D:2      | Reached skill level 1 in Ice Magic
  1857 | D:2      | Reached skill level 1 in Air Magic
  1857 | D:2      | Reached skill level 1 in Poison Magic
  2025 | D:2      | Noticed Jessica
  2034 | D:2      | Killed Jessica
  2035 | D:2      | Reached XP level 5. HP: 28/37 MP: 9/12
  2364 | D:3      | Found a shimmering blue altar of Sif Muna.
  2374 | D:3      | Became a worshipper of Sif Muna the Loreminder
  2439 | D:3      | Found an ornate altar of the Wu Jian Council.
  2518 | D:3      | Found a faded altar of an unknown god.
  2760 | D:3      | Found a stormy altar of Qazlal.
  2926 | D:3      | Found a snail-covered altar of Cheibriados.
  3266 | D:4      | Noticed an ogre
  3269 | D:4      | Killed an ogre
  3270 | D:4      | Reached skill level 5 in Dodging
  3270 | D:4      | Reached XP level 6. HP: 44/44 MP: 14/14
  3469 | D:4      | Identified the +0 robe of the Echidna {Archmagi}
  3685 | D:4      | Learned a level 4 spell: Petrify
  3723 | D:5      | Entered Level 5 of the Dungeon
  3734 | D:5      | Noticed Edmund
  4092 | D:5      | Reached XP level 7. HP: 51/51 MP: 13/15
  4493 | D:5      | Reached skill level 5 in Stealth
  4531 | D:5      | Found Maleoroi's Weapon Shop.
  4534 | D:5      | Bought a +2 dagger of venom for 187 gold pieces
  4698 | D:6      | Reached * piety under Sif Muna
  4701 | D:6      | Noticed Pikel
  4723 | D:6      | Killed Pikel
  4724 | D:6      | Reached XP level 8. HP: 40/58 MP: 14/17
  4934 | D:6      | Found a staircase to the Ecumenical Temple.
  5287 | D:6      | Reached XP level 9. HP: 65/65 MP: 16/18
  5413 | D:6      | Found a sacrificial altar of Ru.
  5807 | D:7      | Identified the +5 leather armour of the Butterfly {Int+4}
  6100 | D:7      | Found a glowing silver altar of Zin.
  6116 | D:7      | Reached skill level 5 in Invocations
  6139 | D:7      | Reached ** piety under Sif Muna
  6499 | D:7      | Found a sparkling altar of Nemelex Xobeh.
  7209 | D:8      | Found a one-way gate to the infinite horrors of the Abyss.
  7209 | D:8      | Noticed pdpol's ghost (novice MiFi)
  7217 | D:8      | Found a transporter.
  7233 | D:8      | Found a white marble altar of Elyvilon.
  7241 | D:8      | Found a hide-covered altar of Uskayaw.
  7375 | D:8      | Reached skill level 5 in Fighting
  7375 | D:8      | Reached skill level 5 in Short Blades
  7375 | D:8      | Reached skill level 5 in Long Blades
  7375 | D:8      | Reached skill level 5 in Axes
  7375 | D:8      | Reached skill level 5 in Maces & Flails
  7375 | D:8      | Reached skill level 5 in Polearms
  7375 | D:8      | Reached skill level 5 in Staves
  7375 | D:8      | Reached skill level 5 in Ranged Weapons
  7375 | D:8      | Reached skill level 5 in Throwing
  7375 | D:8      | Reached skill level 5 in Armour
  7375 | D:8      | Reached skill level 5 in Shields
  7375 | D:8      | Reached skill level 5 in Unarmed Combat
  7375 | D:8      | Reached skill level 5 in Evocations
  7375 | D:8      | Reached XP level 10. HP: 74/74 MP: 18/20
  7556 | D:8      | Noticed Maurice
  7564 | D:8      | Killed Maurice
  7655 | D:8      | Noticed a two-headed ogre
  7661 | D:8      | Killed a two-headed ogre
  7831 | D:8      | Found a transporter.
  7912 | D:8      | Reached skill level 5 in Transmutations
  8083 | D:2      | Bought a book of Storms for 260 gold pieces
  8086 | D:2      | Learned a level 2 spell: Static Discharge
  8091 | D:2      | Learned a level 4 spell: Summon Lightning Spire
  8451 | D:9      | Found a basalt altar of Yredelemnul.
  8768 | D:9      | Found Yvaddoyf's General Store.
  8776 | D:9      | Bought a potion of curing for 51 gold pieces
  8778 | D:9      | Identified the +2 ring mail "Moabbygu" {rC+ Will+ Dex-2}
  8780 | D:9      | Noticed a two-headed ogre
  8790 | D:8      | Killed a two-headed ogre
  9378 | D:10     | Entered Level 10 of the Dungeon
  9830 | D:5      | Killed Edmund
  9972 | D:9      | Reached skill level 5 in Conjurations
  9972 | D:9      | Reached skill level 5 in Hexes
  9972 | D:9      | Reached skill level 5 in Summonings
  9972 | D:9      | Reached skill level 5 in Necromancy
  9972 | D:9      | Reached skill level 5 in Translocations
  9972 | D:9      | Reached skill level 5 in Fire Magic
  9972 | D:9      | Reached skill level 5 in Ice Magic
  9972 | D:9      | Reached skill level 5 in Air Magic
  9972 | D:9      | Reached skill level 5 in Poison Magic
  9985 | D:9      | Reached *** piety under Sif Muna
  9986 | D:9      | Reached XP level 11. HP: 67/81 MP: 20/22
 10189 | D:10     | Found a staircase to the Lair.
 10225 | D:10     | Found a runed translucent door.
 10225 | D:10     | Noticed Loveship's ghost (novice DsBe)
 10469 | D:10     | Identified a scroll of acquirement
 10469 | D:10     | Acquired a Young Poisoner's Handbook
 10474 | D:10     | Learned a level 2 spell: Poisonous Vapours
 10665 | D:10     | Found a staircase to the Orcish Mines.
 11429 | D:11     | Noticed a skeletal warrior
 11454 | D:11     | Killed a skeletal warrior
 12152 | D:11     | Noticed a cyclops
 12157 | D:11     | Noticed a two-headed ogre
 12164 | D:11     | Killed a cyclops
 12170 | D:11     | Killed a two-headed ogre
 12289 | D:11     | Noticed a cyclops
 12296 | D:11     | Killed a cyclops
 12702 | D:12     | Identified the +3 robe of Getoxas {Str+4}
 12722 | D:12     | Reached XP level 12. HP: 91/91 MP: 19/24
 13196 | D:12     | Reached **** piety under Sif Muna
 13279 | D:12     | Noticed a boulder beetle
 13294 | D:12     | Killed a boulder beetle
 13883 | D:13     | Noticed a catoblepas
 13928 | Lair:1   | Entered Level 1 of the Lair of Beasts
 14054 | Lair:1   | Learned a level 4 spell: Olgreb's Toxic Radiance
 14314 | Lair:1   | Found a dark tunnel.
 14330 | Volcano  | Entered a volcano
 14344 | Volcano  | Noticed a two-headed ogre
 14344 | Volcano  | Noticed a two-headed ogre
 14344 | Volcano  | Noticed an ogre mage
 14358 | Volcano  | Killed a two-headed ogre
 14362 | Volcano  | Killed a two-headed ogre
 14363 | Volcano  | Killed an ogre mage
 14384 | Volcano  | Identified the +0 pair of gloves of the Battered Planets
                  | {rC+ Dex+4}
 14432 | Volcano  | Noticed a two-headed ogre
 14449 | Volcano  | Killed a two-headed ogre
 14510 | Volcano  | Noticed a two-headed ogre
 14517 | Volcano  | Killed a two-headed ogre
 14519 | Volcano  | Noticed a red draconian
 14537 | Volcano  | Killed a red draconian
 14538 | Volcano  | Reached XP level 13. HP: 14/98 MP: 24/26
 15567 | Lair:2   | Found an opulent altar of Gozag.
 15939 | Lair:2   | Noticed Gastronok
 15958 | Lair:2   | Killed Gastronok
 16363 | Lair:2   | Reached skill level 10 in Spellcasting
 16433 | Lair:2   | Reached ***** piety under Sif Muna
 16943 | Lair:3   | Received a gift from Sif Muna
 16944 | Lair:3   | Got Sif Muna's Handbook of the Misty Pyromaniac {god gift}
 16984 | Lair:3   | Noticed Sonja
 16993 | Abyss:2  | Cast into level 2 of the Abyss (Sonja)
 17008 | Abyss:2  | Noticed a rakshasa
 17018 | Abyss:2  | Killed a rakshasa
 17021 | Abyss:2  | Noticed a tentacled starspawn
 17034 | Abyss:2  | Killed a tentacled starspawn
 17036 | Abyss:2  | Gained mutation: You are agile. (Dex +4, Str/Int -1) [a
                  | neqoxec]
 17096 | Abyss:3  | Found a corrupted altar of Lugonu.
 17163 | Abyss:3  | Noticed a starcursed mass
 17165 | Abyss:3  | Noticed a tentacled starspawn
 17180 | Abyss:3  | Noticed a rakshasa
 17254 | Abyss:3  | Reached skill level 10 in Dodging
 17304 | Abyss:3  | Noticed a great orb of eyes
 17346 | Abyss:3  | Noticed a tentacled starspawn
 17414 | Abyss:3  | Noticed a black draconian
 17429 | Abyss:3  | HP: 2/100 [spore (17)]
 17429 | Abyss:3  | Engulfed by a cloud of flame

Illustrated notes

Levels and vault maps discovered:
D:1:      psy_arrival_dodecagon, layout_basic, serial_shops, nicolae_shop_stone
D:2:      layout_basic, basic_altar, serial_shops, shop, uniq_jessica,
          uniq_robin
D:3:      layout_basic, nicolae_sif_muna_condensation, cheibriados_altar_1,
          grunt_qazlal_sundering, mainiacjoe_overflow_surrounded_room,
          basic_ecumenical_altar, hangedman_decor_push
D:4:      layout_basic, minivault_25
D:5:      layout_cave_pods, serial_shops, nicolae_shop_tiny_real_fake_doors,
          uniq_edmund
D:6:      layout_basic, nicolae_ru_path_of_blood,
          minmay_temple_entry_nine_rooms, small_statue_intersection,
          kennysheep_generic_room_9, uniq_pikel
D:7:      layout_basic, mainiacjoe_overflow_six_doors_small, kennysheep_mini,
          st_stairs_7
D:8:      layout_basic, grunt_temple_overflow_open,
          gammafunk_ghost_abyssal_escape, uniq_maurice
D:9:      minmay_flawed_box, layout_cross, lemuel_zombie_altar_yredelemnul,
          serial_shops, shop
D:10:     layout_grid_maze, minmay_lair_entry_grove, orc_0_dummy,
          hellmonk_ghost_big_iron
D:11:     layout_irregular_city, kennysheep_generic_room_3
D:12:     layout_grid_maze
D:13:     minmay_four_partial_circles, layout_rooms, david_vaults_1,
          gammafunk_ghost_ooze
Lair:1:   layout_gridlike, nicolae_volcano_entry_s_turn
Lair:2:   layout_roguey, st_stairs_12, lemuel_oklob_altar, uniq_gastronok
Lair:3:   layout_big_grid, minmay_swamp_entry_reptiles,
          nicolae_spider_entry_lesser_pyramids, dpeg_oklob_1, uniq_sonja
Abyss:3:  base: D:14, hangedman_relentless_pull, hangedman_relentless_pull,
          evilmike_abyss_exit_vortex, nicolae_abyss_rune_star_stuff,
          onia_ninara_dug_in_and_dangerous, base: D:15,
          evilmike_abyss_exit_vortex, evilmike_abyss_exit_3

Skill      XL: |  1  2  3  4  5  6  7  8  9 10 11 12 13 |
---------------+----------------------------------------+-----
Transmutations | 2 3 4 5 6 7 |  7.7
Spellcasting   | 5 6 7 8 9 10 | 10.2
Invocations    | 1 2 3 4 5 6 7 8 9 |  9.6
Fighting       | 1 2 3 4 5 6 7 8 |  8.8
Short Blades   | 1 2 3 4 5 6 7 8 |  8.8
Long Blades    | 1 2 3 4 5 6 7 8 |  8.8
Axes           | 1 2 3 4 5 6 7 8 |  8.8
Maces & Flails | 1 2 3 4 5 6 7 8 |  8.8
Polearms       | 1 2 3 4 5 6 7 8 |  8.8
Staves         | 1 2 3 4 5 6 7 8 |  8.8
Ranged Weapons | 1 2 3 4 5 6 7 8 |  8.8
Throwing       | 1 2 3 4 5 6 7 8 |  8.8
Armour         | 1 2 3 4 5 6 7 8 |  8.8
Shields        | 1 2 3 4 5 6 7 8 |  8.8
Unarmed Combat | 1 2 3 4 5 6 7 8 |  8.8
Evocations     | 1 2 3 4 5 6 7 8 |  8.8
Conjurations   | 1 2 3 4 5 6 7 |  7.3
Hexes          | 1 2 3 4 5 6 7 |  7.3
Summonings     | 1 2 3 4 5 6 7 |  7.3
Necromancy     | 1 2 3 4 5 6 7 |  7.3
Translocations | 1 2 3 4 5 6 7 |  7.3
Fire Magic     | 1 2 3 4 5 6 7 |  7.3
Ice Magic      | 1 2 3 4 5 6 7 |  7.3
Air Magic      | 1 2 3 4 5 6 7 |  7.3
Poison Magic   | 1 2 3 4 5 6 7 |  7.3
Dodging        | 5 6 7 8 9 10 | 10.0
Stealth        | 5 6 7 8 9 |  9.8
Earth Magic    | 6 7 8 9 |  9.2

Action                     |  1- 3 |  4- 6 |  7- 9 | 10-12 | 13-15 || total
---------------------------+-------+-------+-------+-------+-------++-------
  Melee: Unarmed           |     1 |       |       |       |     2 ||     3
         Dagger            |       |     1 |     6 |    34 |    45 ||    86
         Bite              |       |       |     1 |     6 |     8 ||    15
         Punch             |       |       |       |     2 |       ||     2
         Staff             |       |       |       |     2 |       ||     2
  Throw: Throwing net      |       |       |       |     1 |       ||     1
   Cast: Sandblast         |    55 |    79 |   138 |   137 |    32 ||   441
         Static Discharge  |       |       |       |    37 |    35 ||    72
         Petrify           |       |       |       |     8 |       ||     8
         Poisonous Vapours |       |       |       |    67 |    31 ||    98
         Summon Lightning  |       |       |       |    59 |    27 ||    86
         Olgreb's Toxic Ra |       |       |       |     1 |       ||     1
         Storm Form        |       |       |       |       |     1 ||     1
 Invoke: Divine Exegesis   |       |       |       |       |     1 ||     1
  Evoke: Wand              |       |       |     2 |     2 |       ||     4
    Use: Scroll            |       |    10 |       |    20 |     3 ||    33
         Potion            |       |       |       |     2 |    11 ||    13
   Stab: Sleeping          |       |     1 |       |     3 |     6 ||    10
         Petrified         |       |       |       |    11 |       ||    11
         Petrifying        |       |       |       |     1 |       ||     1
         Held in net/web   |       |       |       |     1 |       ||     1
         Distracted        |       |       |       |       |     1 ||     1
 Armour: Robe              |     1 |     6 |     8 |       |     4 ||    19
         Leather armour    |       |       |    40 |    70 |       ||   110
         Acid dragon scale |       |       |       |       |    32 ||    32
  Dodge: Dodged            |    27 |     9 |    95 |   126 |   130 ||   387
  Block: Buckler           |       |       |       |    12 |    60 ||    72
